 Dungeon Crawl Stone Soup version 0.23.2-30-g0e89c35 (webtiles) character file.

Game seed: 3957088474803288753

406 Fang the Skirmisher (level 6, -3/40 HPs)
             Began as a Gargoyle Berserker on June 13, 2019.
             Was a Priest of Trog.
             Slain by a gnoll (4 damage)
             ... on level 4 of the Dungeon.
             The game lasted 00:03:24 (2346 turns).

Fang the Skirmisher (Gargoyle Berserker)            Turns: 2346, Time: 00:03:25

Health: -3/40      AC: 18    Str: 22    XL:     6   Next: 87%
Magic:  6/6        EV:  7    Int:  8    God:    Trog [***...]
Gold:   153        SH:  0    Dex:  9    Spells: 5/5 levels left

rFire    . . .     SeeInvis .   a - +0 hand axe
rCold    . . .     Gourm    .   (no shield)
rNeg     + . .     Faith    .   b - +2 plate armour (curse)
rPois    ∞         Spirit   .   (no helmet)
rElec    +         Reflect  .   (no cloak)
rCorr    .         Harm     .   (no gloves)
MR       .....     Rnd*Tele +   (no boots)
Stlth    ..........             (no amulet)
HPRegen  0.13/turn              l - ring of teleportation (curse)
MPRegen  0.10/turn              (no ring)

@: berserk cooldown, slowed, very slow
A: negative energy resistance 1, electricity resistance, unbreathing,
petrification resistance, rot immunity, AC +4
a: Berserk, Trog's Hand, Renounce Religion


You were on level 4 of the Dungeon.
You worshipped Trog.
Trog was most pleased with you.
You were not hungry.

You visited 1 branch of the dungeon, and saw 4 of its levels.

You collected 153 gold pieces.

Inventory:

Hand Weapons
 a - a +0 hand axe (weapon)
Armour
 b - a cursed +2 plate armour (worn)
Jewellery
 l - a cursed ring of teleportation (left hand)
Scrolls
 d - 4 scrolls of identify
Potions
 e - 2 potions of curing {unknown}
 f - a potion of magic {unknown}
 g - a potion of agility {unknown}
 i - 3 potions of degeneration {unknown}
 k - 2 potions of heal wounds
 n - 3 potions of lignification {unknown}
Comestibles
 c - 4 rations


   Skills:
 + Level 4.9 Fighting
 + Level 4.1 Axes
 + Level 4.3 Armour
 + Level 3.1 Dodging


You had 5 spell levels left.
You didn't know any spells.
Your spell library was empty.

Dungeon Overview and Level Annotations

Branches:
Dungeon (4/15)
 Temple: D:4-7

Altars:
Hepliaklqana
Nemelex Xobeh
The Shining One


Innate Abilities, Weirdness & Mutations

You are resistant to torment.
Your stone body is resilient. (AC +4)
You are immune to poison.
You resist negative energy. (rN+)
You are resistant to electric shocks. (rElec)
You can survive without breathing.
You are immune to petrification.
You are immune to rotting.


Message History

The gnoll hits you.
* * * LOW HITPOINT WARNING * * *
The gnoll completely misses you.
You completely miss the gnoll.
The gnoll is severely wounded.
The gnoll closely misses you.
You closely miss the gnoll.
The gnoll is severely wounded.
The gnoll barely misses you. The gnoll hits you.
* * * LOW HITPOINT WARNING * * *
You closely miss the gnoll.
The gnoll is severely wounded.
The gnoll hits you but does no damage. The gnoll completely misses you.
You closely miss the gnoll.
The gnoll is severely wounded.
The gnoll hits you but does no damage.
You hit the gnoll.
The gnoll is severely wounded.
The gnoll hits you.
You die...

...............
.................
#.................
..................
..)..............#
................#
................###.
...........g@.......
.........)))#...#...
............#...#
............###...
.....#....)......(.
.....##............
........<..........
.####..........#(#.
##.......###


You could see a gnoll.

Vanquished Creatures
  2 ogres (D:4)
  An orc priest (D:4)
  An orc wizard (D:3)
  3 gnolls (D:4)
  7 adders
  An ooze (D:3)
  2 worms
  A dart slug (D:3)
  3 leopard geckos (D:1)
  4 orcs
  A giant cockroach (D:1)
  7 goblins
  7 hobgoblins
  4 jackals (D:1)
  4 bats
  12 kobolds
  12 rats
72 creatures vanquished.

Vanquished Creatures (others)
  An orc wizard (D:3)
1 creature vanquished.

Grand Total: 73 creatures vanquished

Notes
Turn   | Place    | Note
-------+----------+-------------------------------------------
     0 | D:1      | Fang the Gargoyle Berserker began the quest for the Orb.
     0 | D:1      | Reached XP level 1. HP: 14/14 MP: 1/1
   213 | D:1      | Reached XP level 2. HP: 14/19 MP: 2/2
   418 | D:1      | Reached XP level 3. HP: 23/23 MP: 3/3
  1014 | D:2      | Reached XP level 4. HP: 20/29 MP: 4/4
  1041 | D:2      | Found a glowing golden altar of the Shining One.
  1090 | D:2      | Reached ** piety under Trog
  1348 | D:2      | Found a sparkling altar of Nemelex Xobeh.
  1499 | D:3      | Reached XP level 5. HP: 27/33 MP: 5/5
  2187 | D:3      | Found a hazy altar of Hepliaklqana.
  2319 | D:4      | Noticed an ogre
  2324 | D:4      | Noticed an ogre
  2329 | D:4      | Killed an ogre
  2329 | D:4      | Reached XP level 6. HP: 8/39 MP: 6/6
  2339 | D:4      | Reached *** piety under Trog
  2343 | D:4      | HP: 1/40 [gnoll (3)]
  2346 | D:4      | Slain by a gnoll

Skill      XL: |  1  2  3  4  5  6 |
---------------+-------------------+-----
Axes           | 3 4 |  4.1
Dodging        | 2 3 |  3.1
Armour         | 3 4 |  4.3
Fighting       | 4 |  4.9

Action                   |  1- 3 |  4- 6 || total
-------------------------+-------+-------++-------
Melee: Hand axe          |   124 |   356 ||   480
Invok: Berserk           |       |     1 ||     1
  Use: Scroll            |     5 |     3 ||     8
  Eat: Chunk             |       |     4 ||     4
       Ration            |       |     1 ||     1
Armor: Animal skin       |    38 |       ||    38
       Plate armour      |    33 |   248 ||   281
Dodge: Dodged            |    84 |   135 ||   219
